 Dungeon Crawl Stone Soup version 0.18.1-50-g88ac8fd (webtiles) character file.

91 Gargoyl the Skirmisher (level 4, 23/37 HPs)
             Began as a Demonspawn Abyssal Knight on Oct 3, 2016.
             Was a Believer of Lugonu.
             Quit the game on level 3 of the Dungeon.
             The game lasted 00:03:33 (1554 turns).

Gargoyl the Skirmisher (Demonspawn Abyssal Knight)  Turns: 1554, Time: 00:03:34

Health: 23/37      AC: 13    Str: 13    XL:     4   Next: 34%
Magic:  6/6        EV:  3    Int: 18    God:    Lugonu [**....]
Gold:   205        SH:  0    Dex: 12    Spells: 0 memorised, 3 levels left

rFire  . . .     SeeInvis .     e - +9 morningstar of the Tooth {speed, Int+4}
rCold  . . .     Gourm    .     o - +0 plate armour
rNeg   . . .     Faith    .     (no shield)
rPois  .         Spirit   +     (no helmet)
rElec  .         Dismiss  .     (no cloak)
rCorr  .         Reflect  .     d - +0 pair of gloves
SustAt .         Harm     .     (no boots)
MR     .....                    (no amulet)
Stlth  ..........               (no ring)
                                (no ring)

@: not resistant to hostile enchantments, extremely unstealthy
A: molten scales 1, magic shield
a: Depart the Abyss, Bend Space, Renounce Religion


You were on level 3 of the Dungeon.
You worshipped Lugonu.
Lugonu was pleased with you.
You were very hungry.

You visited 1 branch of the dungeon, and saw 3 of its levels.
You visited the Abyss 1 time.

You collected 205 gold pieces.

Inventory:

Hand Weapons
 a - a +1 hand axe
 e - the +9 morningstar of the Tooth (weapon) {speed, Int+4}
   (You found it on level 3 of the Abyss)

   Attacks with this weapon are significantly faster.
   It affects your intelligence (+4).
Armour
 d - a +0 pair of gloves (worn)
 o - a +0 plate armour (worn)
Jewellery
 p - an uncursed ring of protection from cold {unknown}
Scrolls
 b - 3 scrolls of teleportation {unknown}
 g - a scroll of enchant weapon {unknown}
 j - a scroll of remove curse {unknown}
 k - 4 scrolls of identify {unknown}
 l - a scroll of fog {unknown}
 n - a scroll of blinking {unknown}
Potions
 f - a potion of magic {unknown}
 m - a potion of curing {unknown}
Comestibles
 c - a bread ration
 h - 2 fruits
 i - a meat ration


   Skills:
 + Level 3.7 Fighting
 + Level 1.8(2.1) Axes
 + Level 1.3(1.8) Maces & Flails
 * Level 2.5 Armour
 + Level 1.4 Dodging
 - Level 0.2 Stealth
 * Level 3.1 Invocations


You had 3 spell levels left.
You didn't know any spells.

Dungeon Overview and Level Annotations

Branches:
Dungeon (3/15)

Altars:
Cheibriados
Gozag


Innate Abilities, Weirdness & Mutations

You are partially covered in molten scales (AC +1).
When hurt, damage is shared between your health and your magic reserves.


Message History

Lugonu accepts your kill.
The orc priest hits you but does no damage.
The orc priest invokes the aid of Beogh against you.
Beogh smites you!
Items here: ))) [ ††† You puncture the orc priest!
The orc priest is almost dead.
The orc priest hits you but does no damage.
You puncture the orc priest!
You kill the orc priest!
Lugonu accepts your kill.
Your Invocations skill increases to level 3!
You have reached level 4!
You feel clever.
Your demonic ancestry asserts itself...
You feel your magical essence form a protective shroud around your flesh.
Found a quarterstaff.
p - a coral ring
Things that are here:
a trident; an orc corpse Are you sure you want to abandon this character and quit the game? (Confirm with "yes".)

############
#########..........#
..........)..#####.#
######.......## #.#
###......#.###.#
#...........##.#
#)#......#.###.#
#@#......<.# #<#
#....)..###.##.#.###.#
######...............#
#.####..........# ..
####.#.....# .##
#.####..# . ..# #..# #
### #..# #..#


There were no monsters in sight!

Vanquished Creatures
  An orc priest (D:3)
  An adder (D:2)
  A worm (D:2)
  A dart slug (D:1)
  3 orcs (D:3)
  4 bats
  6 goblins
  6 hobgoblins
  6 jackals
  A quokka (D:2)
  3 ball pythons
  A giant newt (D:1)
  4 kobolds
  4 rats
42 creatures vanquished.

Vanquished Creatures (others)
  4 tentacles (Abyss:1)
  11 tentacle segments (Abyss:1)
15 creatures vanquished.

Grand Total: 57 creatures vanquished

Notes
Turn   | Place    | Note
--------------------------------------------------------------
     0 | Abyss:1  | Gargoyl the Demonspawn Abyssal Knight began the quest for the Orb.
     0 | Abyss:1  | Reached XP level 1. HP: 18/18 MP: 2/2
     9 | Abyss:1  | Noticed a kraken
    87 | Abyss:3  | Noticed a small abomination
   100 | Abyss:3  | Got a translucent morningstar
   101 | D:1      | Escaped the Abyss
   102 | D:1      | Identified the +9 morningstar of the Tooth {speed, Int+4} (You found it on level 3 of the Abyss)
   125 | D:1      | Reached * piety under Lugonu
   242 | D:1      | Gained mutation: You are partially covered in molten scales (AC +1). [demonic ancestry]
   242 | D:1      | Reached XP level 2. HP: 21/24 MP: 3/3
   352 | D:1      | Reached skill level 1 in Dodging
   859 | D:2      | Found a snail-covered altar of Cheibriados.
   873 | D:2      | Reached XP level 3. HP: 25/29 MP: 5/5
   902 | D:2      | Found an opulent altar of Gozag.
  1082 | D:2      | Reached skill level 1 in Maces & Flails
  1176 | D:2      | Reached ** piety under Lugonu
  1551 | D:3      | Gained mutation: When hurt, damage is shared between your health and your magic reserves. [demonic ancestry]
  1551 | D:3      | Reached XP level 4. HP: 23/37 MP: 6/6
  1554 | D:3      | Quit the game

Skill      XL: |  1  2  3 |
---------------+----------+-----
Dodging        | 1 |  1.4
Armour         | 2 |  2.5
Maces & Flails | 1 |  1.3
Invocations    | 3 |  3.1
Fighting       | |  3.7
Axes           | |  1.8
Stealth        | |  0.2

Action                   |  1- 3 |  4- 6 || total
-------------------------+-------+-------++-------
Melee: Morningstar       |    87 |       ||    87
Invok: Depart the Abyss  |     1 |       ||     1
  Eat: Chunk             |     1 |       ||     1
Armor: Leather armour    |    19 |       ||    19
       Plate armour      |    32 |       ||    32
Dodge: Dodged            |    38 |       ||    38
